 Dungeon Crawl Stone Soup version 0.24.1-4-ge52af88ad5 (webtiles) character file.

Game seed: 13424316340297474503, levelgen mode: deterministic

411302 Kagerus the Slayer (level 23, -3/203 HPs)
             Began as a Merfolk Gladiator on Apr 9, 2020.
             Was the Champion of Okawaru.
             Killed from afar by a frost giant (33 damage)
             ... with a bolt of cold
             ... on level 3 of the Depths on Apr 13, 2020.
             The game lasted 07:20:06 (70022 turns).

Kagerus the Slayer (Merfolk Gladiator)             Turns: 70022, Time: 07:20:06

Health: -3/203     AC: 17    Str: 26    XL:     23   Next: 51%
Magic:  36/36      EV: 31    Int:  8    God:    Okawaru [******]
Gold:   1642       SH: 19    Dex: 23    Spells: 4/32 levels left

rFire    + . .     SeeInvis +   A - +9 demon trident (venom)
rCold    x . .     Gourm    .   V - +2 shield {AC+3}
rNeg     + . .     Faith    .   N - +4 troll leather armour
rPois    +         Spirit   .   B - +0 mask of the Dragon {MR+ Slay+3 SInv}
rElec    +         Reflect  .   z - +1 cloak {+Inv}
rCorr    .         Harm     .   L - +0 pair of gloves {Str+3}
MR       +++..                  C - +1 pair of boots {run}
Stlth    ++........             R - amulet of the acrobat
HPRegen  0.83/turn              D - ring "Qefyemp" {Fire rPois rN+ Str+4}
MPRegen  0.25/turn              y - ring of the Lobster {rElec MR+ Dex+3}

@: flayed, quick
A: change form in water, swift swim, stealthy swim, icy blue scales 1, deformed
body, high mp 1, subdued magic 1
}: 2/15 runes: decaying, serpentine
a: Heroism, Finesse, Renounce Religion, Evoke Invisibility


You were on level 3 of the Depths.
You worshipped Okawaru.
Okawaru was exalted by your worship.
You were hungry.

You visited 8 branches of the dungeon, and saw 39 of its levels.
You visited the Abyss 1 time.
You also visited: Bailey, Wizlab and Desolation.

You collected 5057 gold pieces.
You spent 3415 gold pieces at shops.

Inventory:

Hand Weapons
 d - the +1 trident of Classification {flame, rElec rF+++ rC- SInv}
   (Okawaru gifted it to you on level 13 of the Dungeon)

   It has been specially enchanted to burn those struck by it, causing extra
   injury to most foes and up to half again as much damage against particularly
   susceptible opponents.
   It renders you almost immune to fire.
   It makes you vulnerable to cold.
   It insulates you from electricity.
   It lets you see invisible.
 A - a +9 demon trident of venom (weapon)
 M - the +3 trident of Evolution {vamp, rC+ rN+ MR+ Str+2}
   (Okawaru gifted it to you on level 2 of the Depths)

   It inflicts no extra harm, but heals its wielder when it wounds a living foe.
   It affects your strength (+2).
   It protects you from cold.
   It protects you from negative energy.
   It affects your resistance to hostile enchantments.
Missiles
 i - 156 poisoned darts (quivered)
 r - 5 throwing nets
 T - 10 datura-tipped darts
Armour
 z - a +1 cloak of invisibility (worn)
 B - the +0 mask of the Dragon (worn) {MR+ Slay+3 SInv}
   (You found it on level 6 of the Lair of Beasts)

   It affects your accuracy and damage with ranged weapons and melee attacks
   (+3).
   It affects your resistance to hostile enchantments.
   It lets you see invisible.
 C - a +1 pair of boots of running (worn)
 L - a +0 pair of gloves of strength (worn)
 N - a +4 troll leather armour (worn)
 V - a +2 shield of protection (worn)
Jewellery
 l - an uncursed ring of protection from cold
 y - the ring of the Lobster (right hand) {rElec MR+ Dex+3}
   (You acquired it on level 2 of the Elven Halls)

   [ring of dexterity]

   It affects your dexterity (+3).
   It insulates you from electricity.
   It affects your resistance to hostile enchantments.
 D - the ring "Qefyemp" (left hand) {Fire rPois rN+ Str+4}
   (You found it in a wizard's laboratory)

   [ring of fire]

   It enhances your fire magic.
   It affects your strength (+4).
   It protects you from fire.
   It makes you vulnerable to cold.
   It protects you from poison.
   It protects you from negative energy.
 R - an amulet of the acrobat (around neck)
Wands
 a - a wand of scattershot (13)
 c - a wand of clouds (13)
 j - a wand of polymorph (19)
 n - a wand of acid (35)
 H - a wand of random effects (51)
 K - a wand of paralysis (25)
 W - a wand of iceblast (28)
 Y - a wand of disintegration (20)
Scrolls
 e - 9 scrolls of remove curse
 g - 6 scrolls of fog
 k - 9 scrolls of teleportation
 p - 5 scrolls of immolation
 x - 3 scrolls of enchant weapon
 O - a scroll of silence
 U - 4 scrolls of magic mapping
 Z - 2 scrolls of holy word
Potions
 h - 14 potions of lignification
 m - 10 potions of haste
 q - a potion of magic
 t - 6 potions of might
 v - 12 potions of agility
 E - 5 potions of berserk rage
 G - 14 potions of curing
 I - 4 potions of flight
 P - a potion of cancellation
 Q - 2 potions of brilliance
 S - 2 potions of heal wounds
 X - 2 potions of resistance
Miscellaneous
 w - a phial of floods
 F - a lightning rod (4/4)
Comestibles
 f - 34 rations


   Skills:
 * Level 22.3 Fighting
 - Level 14.0 Polearms
 - Level 2.0 Throwing
 - Level 5.8 Armour
 - Level 20.2 Dodging
 - Level 20.5 Shields
 - Level 5.1 Spellcasting
 - Level 1.0 Conjurations
 - Level 6.8 Hexes
 - Level 3.1 Charms
 - Level 3.6 Summonings
 - Level 7.0 Necromancy
 * Level 2.2 Translocations
 - Level 2.4 Air Magic
 - Level 3.5 Poison Magic
 - Level 5.0 Invocations
 - Level 13.0 Evocations


You had 4 spell levels left.
You knew the following spells:

 Your Spells              Type           Power        Failure   Level  Hunger
a - Animate Dead          Necr           N/A          13%         4    #####..
b - Blink                 Tloc           N/A          14%         2    ##.....
c - Mephitic Cloud        Conj/Pois/Air  #.......     28%         3    ###....
d - Confuse               Hex            ##......     4%          3    ###....
e - Call Imp              Summ           #.......     8%          2    ##.....
f - Simulacrum            Ice/Necr       #.........   100%        6    #######
g - Cause Fear            Hex            ##........   14%         4    #####..
q - Infusion              Chrm           #...         6%          1    #......
s - Slow                  Hex            ##......     1%          2    ##.....
t - Confusing Touch       Hex            ##....       1%          1    #......

Your spell library contained the following spells:

 Spells                   Type           Power        Failure   Level  Hunger
 Animate Skeleton         Necr           N/A          1%          1    #......
 Sublimation of Blood     Necr           ##........   1%          2    ##.....
 Summon Butterflies       Summ           #.......     5%          1    #......
 Summon Guardian Golem    Hex/Summ       #.......     8%          3    ###....
 Poisonous Vapours        Pois/Air       #.....       11%         2    ##.....
 Swiftness                Chrm/Air       #.......     12%         2    ##.....
 Magic Dart               Conj           #...         16%         1    #......
 Call Canine Familiar     Summ           #.......     17%         3    ###....
 Inner Flame              Hex/Fire       #.......     19%         3    ###....
 Flame Tongue             Conj/Fire      #....        21%         1    #......
 Recall                   Summ/Tloc      N/A          22%         3    ###....
 Beastly Appendage        Tmut           #.....       24%         1    #......
 Throw Flame              Conj/Fire      #.....       30%         2    ##.....
 Gell's Gravitas          Tloc           #.........   30%         3    ###....
 Spider Form              Tmut/Pois      #.........   34%         3    ###....
 Passwall                 Tmut/Erth      #.......     36%         2    ##.....
 Sticks to Snakes         Tmut           #.......     36%         2    ##.....
 Fulminant Prism          Conj/Hex       #.........   45%         4    #####..
 Conjure Flame            Conj/Fire      #.......     52%         3    ###....
 Leda's Liquefaction      Hex/Erth       #.........   52%         4    #####..
 Passage of Golubria      Tloc           N/A          71%         4    #####..
 Summon Ice Beast         Ice/Summ       #.......     77%         4    #####..
 Sticky Flame             Conj/Fire      #.......     91%         4    #####..
 Ice Form                 Ice/Tmut       #.......     95%         4    #####..
 Petrify                  Tmut/Erth      #.......     95%         4    #####..
 Summon Mana Viper        Hex/Summ       #.......     63%         5    ######.
 Silence                  Hex/Air        #.........   71%         5    ######.
 Aura of Abjuration       Summ           #.........   86%         5    ######.
 Borgnjor's Vile Clutch   Necr/Erth      #.........   86%         5    ######.
 Metabolic Englaciation   Hex/Ice        #.........   87%         5    ######.
 Yara's Violent Unravell  Hex/Tmut       #.........   87%         5    ######.
 Death Channel            Necr           ##........   92%         6    #######
 Darkness                 Hex            ##........   94%         6    #######
 Invisibility             Hex            ##......     94%         6    #######
 Venom Bolt               Conj/Pois      #.........   96%         5    ######.
 Iskenderun's Battlesphe  Conj/Chrm      #.......     97%         5    ######.
 Fireball                 Conj/Fire      #.........   99%         5    ######.
 Blade Hands              Tmut           #.........   100%        5    ######.
 Bolt of Magma            Conj/Fire/Erth #.........   100%        5    ######.
 Lee's Rapid Deconstruct  Erth           #.........   100%        5    ######.
 Deflect Missiles         Chrm/Air       #.........   100%        6    #######
 Freezing Cloud           Conj/Ice/Air   #.........   100%        6    #######
 Iron Shot                Conj/Erth      #.........   100%        6    #######
 Statue Form              Tmut/Erth      #........    100%        6    #######
 Haunt                    Necr/Summ      #.........   100%        7    #######
 Malign Gateway           Summ/Tloc      #.........   100%        7    #######
 Orb of Destruction       Conj           #.........   100%        7    #######
 Ring of Flames           Chrm/Fire      #.........   100%        7    #######
 Spellforged Servitor     Conj/Summ      #.........   100%        7    #######
 Summon Hydra             Summ           #.........   100%        7    #######
 Borgnjor's Revivificati  Necr           ##........   100%        8    #######
 Death's Door             Chrm/Necr      #.........   100%        8    #######
 Discord                  Hex            ##........   100%        8    #######
 Ignition                 Fire           #.........   100%        8    #######
 Infestation              Necr           ##........   100%        8    #######
 Necromutation            Tmut/Necr      #.........   100%        8    #######
 Shatter                  Erth           #.........   100%        9    #######


Dungeon Overview and Level Annotations

Branches:
Dungeon (15/15)            Temple (1/1) D:7            Lair (6/6) D:8
  Swamp (4/4) Lair:3        Snake (4/4) Lair:4        Slime (0/5) Lair:6
    Orc (2/2) D:12            Elf (3/3) Orc:2        Vaults (0/5) D:13
 Depths (4/5) D:15         Bailey (visited)          WizLab (visited)
Desolation (visited)

Altars:
Ashenzari
Cheibriados
Dithmenos
Elyvilon
Fedhas
Gozag
Hepliaklqana
Kikubaaqudgha
Makhleb
Nemelex Xobeh
Okawaru
Qazlal
Ru
Sif Muna
Trog
Uskayaw
Vehumet
Wu Jian
Xom
Yredelemnul
Zin
The Shining One
Beogh

Shops:
D:4 }   D:14 !   Orc:2 %![[   Elf:1 *   Snake:2 (   Snake:3 ?   Depths:1 :
Depths:3 !

Portals:
Hell: Depths:1 Depths:2 Depths:3
Abyss: Elf:1 Depths:2 Depths:3
Pandemonium: Depths:3

Annotations:
D:2 1 runed translucent door, exclusions: door and 1 more exclusion, Crazy Yiuf
D:14 1 runed translucent door, exclusion: door, Peloso's ghost, journeyman MiFi


Innate Abilities, Weirdness & Mutations

You revert to your normal form in water.
You are very nimble and swift while swimming.
You are very stealthy in the water. (Stealth+)
You are partially covered in icy blue scales. (AC +2)
Armour fits poorly on your strangely shaped body.
You have an increased reservoir of magic. (+10% MP)
Your spells are a little easier to cast, but a little less powerful.


Message History

Items here: )) [ | a +0 robe; a +0 dire flail x2; an uncursed staff of energy
Things that are here:
a +0 robe; a cursed +0 animal skin; a +0 hand axe
As you read the scroll of fog, it crumbles to dust.
The scroll dissolves into smoke.
The frost giant drinks a potion.
The frost giant is healed!
The frost giant looks more healthy.
Things that are here:
the +5 spear "Ejuraog" {drain, rF- rN+ MR+} a +0 rapier You feel much better.
Attack whom?
Press: ? - help, Dir - move target cursor, f - frost giant
Aim: a frost giant, wielding a +1 battleaxe of freezing (black smoke, moderately wounded)
You puncture the frost giant!
The frost giant looks as sick as possible!
The frost giant is moderately wounded.
The frost giant casts a spell at you. The bolt of cold hits you!!
You feel a terrible chill!
You die...

.......................(.(((###..
............#######..............
...########.# #........(.....
...# #.# #.........##### ...# #.#
#.........# # ...# #.#
#.........#####
#..########.#######§§.........)))
#......).......[§§§§§.........∩)[
#........).)....@C§§§............
#..#####...########§§............
#..# #...# #§§.......###.. #..#
#...# #>........# #.. #..# #...#
########..# #.. #..# #...# #..#
#.. #..# #...# #..# #.. ...#
#...# #..# #.. #### ##### ####
###


You could see a frost giant.

Vanquished Creatures
  Mara (Snake:3)
  2 juggernauts
  Margery (Depths:3)
  A Hellbinder (WizLab)
  The ghost of Fukker the Scorcher, an adept GrEE of Vehumet (Depths:2)
  5 tentacled monstrosities
  Rupert (D:12)
  Jorgrun (Swamp:2)
  A titan (Depths:4)
  2 deep elf blademasters (Elf:3)
  2 liches (Depths:3)
  Frances (D:13)
  2 deep elf master archers (Elf:3)
  Kirke (Swamp:3)
  Gastronok (D:12)
  3 thorn hunters
  2 tengu reavers
  2 shadow dragons
  Donald (Swamp:2)
  An azure jelly (shapeshifter) (Depths:3)
  7 nagarajas (Snake:4)
  A balrug (Depths:3)
  7 deep elf sorcerers
  4 frost giants
  4 fire giants
  Aizul (Snake:4)
  An orc warlord (Orc:1)
  2 spriggan defenders (Depths:2)
  4 deep elf elementalists
  A caustic shrike skeleton (Depths:2)
  3 deep elf demonologists
  11 stone giants
  5 very ugly things
  3 vampire knights
  A black sun (WizLab)
  9 deep elf annihilators (Elf:3)
  Nessos (D:15)
  2 lorocyprocas (WizLab)
  2 dire elephants (Lair:1)
  10 ettins
  10 spark wasps
  6 deep elf death magi
  3 green deaths (WizLab)
  3 blizzard demons (WizLab)
  2 jiangshi
  8 yaktaur captains
  3 ragged hierophants (Desolation)
  A crystal guardian (Elf:1)
  15 fire dragons
  Erolcha (D:13)
  19 hydras
  2 deep elf high priests (Elf:3)
  5 rakshasas
  4 great orbs of eyes
  Harold (D:12)
  2 servants of whispers (Desolation)
  5 ice dragons
  16 naga warriors
  8 vault guards (D:13)
  2 shambling mangroves
  7 centaur warriors
  2 ghost crabs (Swamp:4)
  16 anacondas
  2 hell beasts
  A peacekeeper (Desolation)
  21 two-headed ogres
  4 spriggan air magi
  An anaconda (shapeshifter) (Depths:1)
  22 dancing weapons
  4 ogre magi
  A queen ant (Lair:2)
  Urug (Orc:1)
  2 death yaks
  2 tengu warriors
  16 alligators
  2 sun demons
  6 vampire magi
  4 deep troll shamans
  10 shock serpents
  3 spriggan berserkers
  7 deep troll earth magi
  8 naga sharpshooters
  4 hell knights (Depths:3)
  Sonja (D:13)
  13 deep elf knights
  A salamander mystic (Snake:3)
  A soul eater (WizLab)
  3 unseen horrors
  4 iron trolls
  10 sea snakes
  19 deep trolls
  2 glowing orange brains
  15 swamp dragons
  14 deep elf archers
  2 wizards (D:15)
  A flayed ghost (Depths:2)
  14 naga ritualists
  13 mana vipers
  An ironbrand convoker (Desolation)
  An obsidian statue (Lair:4)
  2 lindwurms (Lair:6)
  4 ugly things
  A sphinx zombie (Depths:1)
  3 necromancers
  A wolf spider (Lair:6)
  A sphinx skeleton (Depths:2)
  2 orc sorcerers
  4 cyclopes
  A tengu skeleton (Depths:2)
  An orc knight (D:9)
  A manticore (D:14)
  7 large abominations (Depths:2)
  A frost giant skeleton (Depths:2)
  3 salamanders
  54 deep elf magi
  An elephant (Lair:1)
  2 centaur zombies
  49 black mambas
  33 naga magi
  2 guardian serpents
  2 rust devils
  5 torpor snails (Lair:6)
  A smoke demon (WizLab)
  24 spiny frogs
  A gargoyle (D:15)
  21 yaktaurs
  10 centaur skeletons
  An orange demon (WizLab)
  3 hellions (WizLab)
  3 komodo dragons
  4 rime drakes
  3 kobold demonologists
  3 hellwings (WizLab)
  2 freezing wraiths
  An efreet (D:14)
  5 ice devils (WizLab)
  5 red devils
  11 trolls
  4 tengu conjurers
  Grinder (D:4)
  A polar bear (Lair:1)
  17 tyrant leeches
  22 hornets
  A tyrant leech (shapeshifter) (Depths:3)
  21 saltlings (Desolation)
  13 dream sheep (Lair:5)
  19 blink frogs
  11 slime creatures
  Prince Ribbit (D:7)
  5 bog bodies
  10 hippogriffs
  An air elemental (Elf:2)
  A redback (Lair:6)
  2 vampires
  3 shadows
  6 spriggans
  A wraith (D:14)
  40 yaks
  8 wyverns
  A ynoxinul (WizLab)
  2 fire elementals (Elf:1)
  5 basilisks
  2 hungry ghosts
  4 wargs
  A spriggan simulacrum (Depths:2)
  3 chaos spawn
  5 soldier ants (Lair:2)
  20 vampire mosquitoes
  17 swamp worms
  48 nagas
  3 neqoxecs (WizLab)
  5 insubstantial wisps
  26 water moccasins
  Duvessa (D:4)
  9 porcupines
  8 swamp drakes (Swamp:4)
  A black bear (shapeshifter) (Depths:1)
  2 black bears (Lair:1)
  20 orc warriors
  2 ice beasts
  A hornet zombie (D:15)
  6 phantoms
  An eye of draining (D:13)
  25 ogres
  An ogre (shapeshifter) (Depths:3)
  6 centaurs
  11 boggarts
  5 wolves (Lair:4)
  10 crocodiles
  Blork the orc (D:4)
  A big kobold (D:7)
  5 small abominations
  3 earth elementals
  10 bullfrogs
  3 gnoll sergeants
  Dowan (D:4)
  A wyvern skeleton (D:14)
  A hornet simulacrum (D:15)
  4 scorpions
  10 killer bees
  2 electric eels
  5 wights (D:14)
  2 howler monkeys
  6 crimson imps
  A bullfrog zombie (D:6)
  2 bullfrog skeletons
  4 jellies
  12 orc priests
  9 hounds
  3 iguanas
  26 orc wizards
  18 worker ants
  A hound zombie (D:9)
  Robin (D:4)
  A worker ant zombie (D:7)
  16 adders
  18 gnolls
  4 shadow imps
  4 oozes
  5 worms
  A dart slug (D:2)
  3 leopard geckos
  86 orcs
  4 giant cockroaches
  18 goblins
  15 hobgoblins
  20 jackals
  37 kobolds
  A quokka (shapeshifter) (Depths:2)
  6 quokkas
  A ball python skeleton (D:4)
  8 bats
  5 frilled lizards
  7 rats
  2 briar patches
  A bush (Abyss:3)
  A fungus (Lair:6)
  9 plants
1610 creatures vanquished.

Vanquished Creatures (collateral kills)
  the Lernaean hydra (Swamp:4)
  A tentacled monstrosity (Depths:2)
  A tengu reaver (Depths:3)
  A frost giant (Depths:3)
  A fire giant (Depths:3)
  An ettin (Depths:3)
  A jiangshi (Depths:3)
  A rakshasa (Depths:2)
  A spriggan air mage (Depths:3)
  An ogre mage (Depths:3)
  2 deep troll shamans
  An iron troll (Depths:3)
  A smoke demon (Depths:3)
  3 spiny frogs
  2 yaktaurs (Depths:3)
  A hornet (Depths:3)
  A blink frog (Lair:2)
  A spriggan (Depths:3)
  Eustachio (D:5)
  A warg (D:10)
  Menkaure (D:7)
  A large abomination (Depths:2)
  6 ogres
  A boggart (Depths:3)
  A centaur (D:4)
  A big kobold (D:10)
  A hound (D:8)
  2 orc priests
  2 worker ants
  Natasha (D:4)
  2 gnolls
  An adder (D:4)
  5 orcs
  2 jackals (D:10)
  2 kobolds
53 creatures vanquished.

Vanquished Creatures (others)
  A naga sharpshooter (Snake:4)
  A deep elf knight (Elf:3)
  A deep troll (Depths:4)
  3 deep elf magi (Elf:1)
  A tengu conjurer (Depths:3)
  A swamp worm (Swamp:4)
  An ogre (Depths:3)
  2 briar patches (Swamp:2)
  A bush (Lair:6)
  12 fungi
  27 plants
  4 starspawn tentacles (Abyss:3)
  6 toadstools (Lair:2)
61 creatures vanquished.

Grand Total: 1724 creatures vanquished

Notes
Turn   | Place    | Note
-------+----------+-------------------------------------------
     0 | D:1      | Kagerus the Merfolk Gladiator began the quest for the Orb.
     0 | D:1      | Reached XP level 1. HP: 16/16 MP: 1/1
    72 | D:1      | Reached skill level 5 in Polearms
    85 | D:1      | Reached XP level 2. HP: 22/22 MP: 2/2
   411 | D:1      | Reached XP level 3. HP: 27/27 MP: 3/3
  1459 | D:2      | Reached XP level 4. HP: 33/33 MP: 4/4
  1673 | D:2      | Found a runed translucent door.
  1674 | D:2      | Noticed Crazy Yiuf
  2030 | D:2      | Found a burning altar of Makhleb.
  2671 | D:3      | Reached XP level 5. HP: 38/38 MP: 5/5
  2687 | D:3      | Learned a level 2 spell: Blink
  2690 | D:3      | Learned a level 2 spell: Call Imp
  2718 | D:3      | Noticed a centaur
  2738 | D:3      | Killed a centaur
  2738 | D:3      | Reached skill level 1 in Spellcasting
  2738 | D:3      | Reached skill level 1 in Summonings
  2791 | D:3      | Reached XP level 6. HP: 26/44 MP: 4/9
  2852 | D:3      | Learned a level 2 spell: Slow
  3031 | D:3      | Found an ancient bone altar of Kikubaaqudgha.
  3031 | D:3      | Found a sparkling altar of Nemelex Xobeh.
  3035 | D:3      | Found a snail-covered altar of Cheibriados.
  3035 | D:3      | Found a basalt altar of Yredelemnul.
  3346 | D:3      | Noticed a hippogriff
  3925 | D:2      | Killed a hippogriff
  3925 | D:2      | Reached XP level 7. HP: 39/50 MP: 8/12
  4545 | D:4      | Noticed Duvessa
  4586 | D:4      | Found Limpowu's Gadget Emporium.
  4746 | D:4      | Reached skill level 1 in Hexes
  4873 | D:4      | Found an opulent altar of Gozag.
  4975 | D:4      | Noticed Robin
  5100 | D:4      | Killed Robin
  5183 | D:4      | Noticed Grinder
  5201 | D:4      | Reached skill level 3 in Fighting
  5216 | D:4      | Killed Grinder
  5216 | D:4      | Reached skill level 4 in Fighting
  5216 | D:4      | Reached XP level 8. HP: 49/61 MP: 10/14
  5307 | D:4      | Noticed Dowan
  5534 | D:4      | Killed Duvessa
  5534 | D:4      | Reached skill level 5 in Fighting
  5544 | D:4      | Killed Dowan
  6121 | D:4      | Noticed Natasha
  6134 | D:4      | Killed Natasha
  6206 | D:4      | Noticed Blork the orc
  6227 | D:4      | Killed Blork the orc
  6227 | D:4      | Reached skill level 6 in Fighting
  6237 | D:4      | Found a shimmering blue altar of Sif Muna.
  6426 | D:5      | Entered Level 5 of the Dungeon
  6495 | D:4      | Learned a level 3 spell: Mephitic Cloud
  6640 | D:5      | HP: 1/65 [centaur/arrow (5)]
  7054 | D:5      | Noticed Eustachio
  7095 | D:5      | Reached skill level 10 in Polearms
  7199 | D:5      | Reached skill level 7 in Fighting
  7223 | D:5      | Killed Eustachio
  7223 | D:5      | Reached XP level 9. HP: 70/72 MP: 10/15
  7389 | D:5      | Found a shimmering altar of Xom.
  7430 | D:5      | Found the +7 mace of Variability {chain chaos}
  7608 | D:5      | Reached skill level 8 in Fighting
  7797 | D:5      | Found an ornate altar of the Wu Jian Council.
  7833 | D:5      | Found a white marble altar of Elyvilon.
  8441 | D:6      | Found a sacrificial altar of Ru.
  8970 | D:7      | Found a staircase to the Ecumenical Temple.
  8984 | Temple   | Entered the Ecumenical Temple
  9052 | Temple   | Became a worshipper of Warmaster Okawaru
  9207 | D:7      | Noticed Prince Ribbit
  9217 | D:7      | Killed Prince Ribbit
  9278 | D:7      | Found a shimmering altar of Xom.
  9279 | D:7      | Found a hazy altar of Hepliaklqana.
  9318 | D:7      | Noticed a spectral ugly thing
  9631 | D:7      | Found a bloodstained altar of Trog.
  9631 | D:7      | Noticed Menkaure
  9872 | D:7      | Killed Menkaure
 10241 | D:7      | Reached * piety under Okawaru
 11212 | D:8      | Was placed under penance by Okawaru
 11279 | D:7      | Noticed a deep elf archer
 11279 | D:7      | Noticed a merfolk impaler
 11279 | D:7      | Noticed a merfolk
 11279 | D:7      | Noticed a merfolk
 11279 | D:7      | Noticed a merfolk
 11551 | D:8      | Reached XP level 10. HP: 61/80 MP: 16/16
 11671 | D:8      | Found a staircase to the Lair.
 11734 | D:8      | Reached skill level 1 in Armour
 11734 | D:8      | Reached skill level 5 in Dodging
 11792 | D:8      | Noticed a naga warrior
 11792 | D:8      | Noticed a naga sharpshooter
 12230 | D:9      | Found a radiant altar of Vehumet.
 12282 | D:9      | Noticed a centaur warrior
 12282 | D:9      | Noticed a centaur warrior
 12282 | D:9      | Noticed an orc knight
 12282 | D:9      | Noticed an orc sorcerer
 12284 | D:9      | Noticed a sixfirhy
 12479 | D:9      | Was forgiven by Okawaru
 12709 | Lair:1   | Entered Level 1 of the Lair of Beasts
 12735 | Lair:1   | Got a brightly glowing long sword
 12736 | Lair:1   | Identified the +7 long sword of the Radish {elec, rC++
                  | Str+6 Int-3} (You found it on level 1 of the Lair of
                  | Beasts)
 13052 | Lair:1   | Reached ** piety under Okawaru
 13426 | Lair:1   | Found a burning altar of Makhleb.
 13455 | Lair:1   | Noticed a spiny frog
 13455 | Lair:1   | Noticed a spiny frog
 13504 | Lair:1   | Killed a spiny frog
 13514 | Lair:1   | Killed a spiny frog
 14250 | D:9      | Reached *** piety under Okawaru
 14359 | D:9      | Reached skill level 10 in Dodging
 14379 | D:9      | Reached XP level 11. HP: 64/86 MP: 11/17
 14425 | D:9      | Killed a centaur warrior
 14699 | D:9      | Identified the +7 quarterstaff of Instinct {protect, Str+2
                  | Int+2}
 15001 | D:10     | Entered Level 10 of the Dungeon
 15347 | D:10     | Reached skill level 1 in Poison Magic
 15359 | D:10     | Reached **** piety under Okawaru
 16639 | D:11     | Got a crude helmet
 16651 | D:10     | Identified the cursed -6 helmet of Impressiveness {*Drain
                  | rC++ Dex+3 SInv} (You found it on level 11 of the Dungeon)
 16797 | D:11     | Noticed a cyan ugly thing
 16822 | D:11     | Killed a brown ugly thing
 16822 | D:11     | Received a gift from Okawaru
 16822 | D:11     | Reached skill level 1 in Conjurations
 16822 | D:11     | Reached skill level 1 in Air Magic
 17122 | D:11     | Reached ***** piety under Okawaru
 17122 | D:11     | Received a gift from Okawaru
 17122 | D:11     | Reached skill level 5 in Spellcasting
 17968 | Lair:2   | Reached skill level 1 in Shields
 17985 | Lair:2   | Reached skill level 1 in Invocations
 18599 | Lair:1   | Reached skill level 5 in Shields
 18695 | Lair:2   | Found a runed translucent door.
 18887 | Lair:2   | Reached XP level 12. HP: 92/92 MP: 16/19
 18956 | Lair:2   | Noticed a dire elephant
 18956 | Lair:2   | Noticed a dire elephant
 19168 | Lair:2   | Noticed a queen ant
 19210 | Lair:2   | Killed a queen ant
 19210 | Lair:2   | Received a gift from Okawaru
 20156 | Lair:1   | Killed a dire elephant
 20305 | Lair:1   | Killed a dire elephant
 20487 | Lair:2   | Got a pitted marble ring
 20489 | Lair:2   | Identified the ring "Cianeykk" {*Drain rPois rN+ AC+1} (You
                  | found it on level 2 of the Lair of Beasts)
 20609 | Lair:3   | Noticed a five-headed hydra
 21191 | Lair:3   | Found a staircase to the Swamp.
 21286 | Lair:2   | Reached skill level 10 in Shields
 21641 | Lair:3   | Noticed a five-headed hydra
 21886 | D:9      | Killed a centaur warrior
 22075 | Lair:2   | Killed a five-headed hydra
 22266 | Lair:3   | Reached skill level 9 in Fighting
 22306 | Lair:3   | Killed a five-headed hydra
 22306 | Lair:3   | Received a gift from Okawaru
 22475 | Lair:3   | Reached XP level 13. HP: 82/101 MP: 16/20
 22896 | Lair:4   | Found a staircase to the Snake Pit.
 23653 | Lair:4   | Reached skill level 10 in Fighting
 24271 | Lair:5   | Learned a level 1 spell: Confusing Touch
 25387 | Lair:5   | Received a gift from Okawaru
 25783 | Lair:6   | Entered Level 6 of the Lair of Beasts
 25973 | Lair:6   | Found the +0 mask of the Dragon {MR+ Slay+3 SInv}
 26643 | Lair:6   | Found a staircase to the Slime Pits.
 26982 | Lair:6   | Reached XP level 14. HP: 95/110 MP: 21/21
 27483 | Lair:6   | Got an ancient fustibalus
 27521 | Lair:6   | Reached ****** piety under Okawaru
 27561 | Lair:6   | Received a gift from Okawaru
 27841 | Lair:6   | Reached skill level 15 in Shields
 28058 | Lair:6   | Found a runed translucent door.
 28107 | Lair:6   | Paralysed by a hornet for 3 turns
 28808 | D:9      | Paralysed by an orc sorcerer for 7 turns
 29498 | D:12     | Learned a level 3 spell: Confuse
 29512 | D:12     | Received a gift from Okawaru
 29520 | D:12     | Got a faintly glowing plate armour {god gift}
 29521 | D:12     | Identified the +1 plate armour of the Valley of Death {rF+}
                  | (Okawaru gifted it to you on level 12 of the Dungeon)
 29967 | D:12     | Found a staircase to the Orcish Mines.
 30208 | D:13     | Reached skill level 5 in Hexes
 30266 | D:13     | Found a flagged portal.
 30298 | Bailey   | Entered a bailey
 30407 | Bailey   | Found an iron altar of Okawaru.
 30653 | D:13     | Noticed Erolcha
 30666 | D:13     | Killed Erolcha
 30729 | D:13     | Noticed Sonja
 30760 | D:13     | Killed Sonja
 30821 | D:13     | You fall into a shaft and drop 2 floors!
 30821 | D:15     | Entered Level 15 of the Dungeon
 30821 | D:15     | Found a bloodstained altar of Trog.
 31216 | D:14     | Found Wimurrevea's Distillery.
 31453 | D:14     | Noticed Peloso's ghost (journeyman MiFi)
 31455 | D:14     | Found a runed translucent door.
 31608 | D:14     | Reached XP level 15. HP: 102/117 MP: 18/22
 31760 | D:14     | Reached skill level 11 in Fighting
 31774 | D:14     | Identified a scroll of acquirement
 31777 | D:14     | Got a crude helmet
 31778 | D:14     | Identified the +1 helmet "Lidaezeg" {rPois rF+ SInv} (You
                  | acquired it on level 14 of the Dungeon)
 32733 | D:15     | Noticed Nessos
 32834 | D:15     | Killed Nessos
 32943 | D:15     | Found a staircase to the Depths.
 32946 | D:15     | Reached skill level 12 in Fighting
 33323 | Orc:1    | Entered Level 1 of the Orcish Mines
 33361 | Orc:1    | Noticed Harold
 33364 | Orc:1    | Noticed Gastronok
 33379 | D:12     | Killed Harold
 33390 | Orc:1    | Noticed Urug
 33465 | D:12     | Killed Gastronok
 33511 | Orc:1    | Killed Urug
 33692 | Orc:2    | Entered Level 2 of the Orcish Mines
 33785 | Orc:1    | Learned a level 4 spell: Leda's Liquefaction
 33940 | Orc:2    | Found a staircase to the Elven Halls.
 34001 | Orc:1    | Received a gift from Okawaru
 34252 | Orc:2    | Reached skill level 13 in Fighting
 34339 | Orc:2    | Noticed Rupert
 34665 | D:12     | Killed Rupert
 34949 | Orc:2    | Gained mutation: You are dopey. (Int -2) [a neqoxec]
 35060 | Orc:2    | Found Kato's Antique Armour Boutique.
 35066 | Orc:2    | Found Vaur's Antique Armour Emporium.
 35071 | Orc:2    | Found Gealicibb's Distillery.
 35072 | Orc:2    | Found Gorranke's Food Boutique.
 35117 | Orc:2    | Bought a potion of heal wounds for 65 gold pieces
 35142 | Orc:2    | Noticed an orc warlord
 35264 | Orc:1    | Received a gift from Okawaru
 35276 | Orc:1    | Killed an orc warlord
 35334 | Orc:2    | Reached skill level 14 in Fighting
 35437 | Orc:2    | Reached XP level 16. HP: 120/133 MP: 23/23
 35453 | Orc:2    | Bought a potion of curing for 39 gold pieces
 35453 | Orc:2    | Bought a potion of berserk rage for 65 gold pieces
 35828 | Orc:1    | Found a roughly hewn altar of Beogh.
 36216 | Swamp:1  | Entered Level 1 of the Swamp
 37174 | Swamp:2  | Noticed Jorgrun
 37226 | Swamp:2  | Noticed a thorn hunter
 37246 | Swamp:2  | Killed a thorn hunter
 37274 | Swamp:1  | Reached skill level 15 in Fighting
 37366 | Swamp:2  | Killed Jorgrun
 37602 | Swamp:2  | Got a brightly glowing chain mail
 37613 | Swamp:1  | Identified the +1 chain mail "Peuch" {rF+ MR+ Stlth+} (You
                  | found it on level 2 of the Swamp)
 37738 | Swamp:2  | Received a gift from Okawaru
 37738 | Swamp:2  | Reached skill level 5 in Armour
 38228 | Swamp:2  | Noticed a thorn hunter
 38259 | Swamp:2  | Killed a thorn hunter
 38543 | Swamp:2  | Upgraded the game from 0.24.1-1-gd1d2a07e1b to
                  | 0.24.1-4-ge52af88ad5
 38565 | Swamp:3  | Noticed Donald
 38673 | Swamp:2  | Reached skill level 5 in Invocations
 38711 | Swamp:2  | Killed Donald
 38711 | Swamp:2  | Received a gift from Okawaru
 38784 | Swamp:3  | Reached skill level 15 in Dodging
 38808 | Swamp:3  | Noticed Kirke
 38963 | Swamp:3  | Reached skill level 1 in Evocations
 39210 | Swamp:3  | Killed Kirke
 39567 | Swamp:4  | Entered Level 4 of the Swamp
 39979 | Swamp:4  | Reached XP level 17. HP: 115/142 MP: 24/24
 40051 | Swamp:4  | Reached skill level 5 in Evocations
 40619 | Swamp:4  | Received a gift from Okawaru
 41132 | Swamp:4  | Noticed the 27-headed Lernaean hydra
 41498 | Snake:1  | Entered Level 1 of the Snake Pit
 41805 | Snake:1  | Reached skill level 16 in Fighting
 42786 | Snake:2  | Received a gift from Okawaru
 43081 | Snake:2  | Reached skill level 10 in Evocations
 43443 | Snake:2  | Reached XP level 18. HP: 98/153 MP: 13/25
 43601 | Snake:2  | Found Sazoah's Antique Weapon Shop.
 44774 | Snake:3  | Noticed Mara
 44787 | Snake:3  | Noticed Kagerus's illusion
 44801 | Snake:3  | Killed Mara
 44801 | Snake:3  | Received a gift from Okawaru
 44804 | Snake:3  | Got a twisted scale mail {god gift}
 44937 | Snake:3  | Got a vibrating tin ring
 44962 | Snake:2  | Identified the ring of Red Wine {rN+ Int+3} (You found it
                  | on level 3 of the Snake Pit)
 44965 | Snake:2  | Identified the +1 scale mail of the Blizzard {*Drain rElec
                  | MR+++} (Okawaru gifted it to you on level 3 of the Snake
                  | Pit)
 45018 | Snake:3  | Found Ronguvak's Magic Scroll Shop.
 45083 | Snake:3  | Identified a +1 pair of boots of running (You found it on
                  | level 3 of the Snake Pit)
 45146 | Snake:3  | Reached skill level 17 in Fighting
 45305 | Snake:3  | Bought a scroll of magic mapping for 73 gold pieces
 45305 | Snake:3  | Bought a scroll of identify for 42 gold pieces
 45305 | Snake:3  | Bought a scroll of identify for 42 gold pieces
 45305 | Snake:3  | Bought a scroll of identify for 42 gold pieces
 45305 | Snake:3  | Bought a scroll of blinking for 157 gold pieces
 45305 | Snake:3  | Bought a scroll of identify for 42 gold pieces
 45457 | Snake:4  | Entered Level 4 of the Snake Pit
 45764 | Snake:4  | Noticed Aizul
 45784 | Snake:4  | Killed Aizul
 47126 | Snake:4  | Received a gift from Okawaru
 47132 | Snake:4  | Reached skill level 18 in Fighting
 47372 | Snake:4  | Reached XP level 19. HP: 153/164 MP: 28/28
 47868 | Snake:4  | Reached skill level 19 in Fighting
 48219 | Snake:4  | Got a serpentine rune of Zot
 48972 | Swamp:4  | Killed the 27-headed Lernaean hydra
 49395 | Swamp:4  | Got a decaying rune of Zot
 50143 | Elf:1    | Entered Level 1 of the Elven Halls
 50179 | Elf:1    | Found a shimmering altar of Xom.
 50193 | Elf:1    | Found a one-way gate to the infinite horrors of the Abyss.
 50283 | Elf:1    | Found a ruined gateway.
 50301 | Desolati | Entered the Desolation of Salt
 50368 | Desolati | Received a gift from Okawaru
 50577 | Desolati | Received a gift from Okawaru
 50803 | Desolati | Reached skill level 20 in Fighting
 50803 | Desolati | Identified the +6 scale mail "Josmuimi" {rN+ Dex+4}
 51778 | Elf:1    | Found a shimmering blue altar of Sif Muna.
 51845 | Elf:1    | Identified the Incunabulum of Creative Arcane Weapons
 51880 | Elf:1    | Found Ovvataz's Assorted Antiques.
 51914 | Elf:1    | Bought a scroll of teleportation for 102 gold pieces
 51914 | Elf:1    | Bought a scroll of blinking for 255 gold pieces
 52401 | Elf:2    | Found a runed translucent gate.
 52402 | Elf:2    | Found a runed translucent gate.
 52402 | Elf:2    | Found a runed translucent gate.
 52656 | Elf:2    | Reached skill level 21 in Fighting
 52668 | Elf:2    | Gained mutation: You are weak. (Str -2) [mutagenic glow]
 53119 | Elf:2    | Got a warped ivory ring
 53120 | Elf:2    | Identified the ring of the Lobster {rElec MR+ Dex+3} (You
                  | acquired it on level 2 of the Elven Halls)
 53198 | Elf:2    | Reached XP level 20. HP: 175/180 MP: 29/29
 53225 | Elf:2    | Received a gift from Okawaru
 53538 | Elf:2    | Cast into level 3 of the Abyss (+1 trident of distortion)
 53612 | Elf:2    | Escaped the Abyss
 53620 | Elf:2    | Gained mutation: You do not regenerate when monsters are
                  | visible. [mutagenic glow]
 54299 | Elf:3    | Entered Level 3 of the Elven Halls
 54527 | Elf:3    | Gained mutation: Armour fits poorly on your strangely
                  | shaped body. [mutagenic glow]
 54725 | Elf:2    | Received a gift from Okawaru
 54728 | Elf:2    | Got an ichor-stained trident {god gift}
 54841 | Elf:2    | Identified the +1 trident "Zuruecer" {pierce, *Rage rElec
                  | rF+ Str+3 SInv} (Okawaru gifted it to you on level 2 of the
                  | Elven Halls)
 55184 | Elf:3    | Gained mutation: You are clumsy. (Dex -2) [mutagenic glow]
 55344 | Elf:1    | Lost mutation: You are dopey. (Int -2) [potion of mutation]
 55344 | Elf:1    | Lost mutation: You are weak. (Str -2) [potion of mutation]
 55344 | Elf:1    | Gained mutation: You have an increased reservoir of magic.
                  | (+10% MP) [potion of mutation]
 55851 | Elf:3    | Identified the +9 glaive of Satyriasis {chop, *Drain rElec
                  | Dex+4 Stlth+}
 56138 | Elf:3    | Identified the +6 rapier of Revolt {flame, rC+}
 56138 | Elf:3    | Identified the ring of Fuug {Wiz Str+3 Int+4 Stlth+}
 56393 | Elf:3    | Received a gift from Okawaru
 56505 | Elf:3    | Identified the +4 falchion of Battle {vamp, rF++ MR- Dex+7}
 56694 | Elf:3    | Identified the cursed +1 trident "Arbiter" {pierce, +Fly
                  | rElec rF- MR+} (You found it on level 3 of the Elven Halls)
 56722 | Elf:3    | Identified the Tome of Unstable Hexes
 57095 | Lair:4   | Lost mutation: Armour fits poorly on your strangely shaped
                  | body. [potion of mutation]
 57095 | Lair:4   | Lost mutation: You do not regenerate when monsters are
                  | visible. [potion of mutation]
 57095 | Lair:4   | Lost mutation: You are clumsy. (Dex -2) [potion of
                  | mutation]
 57095 | Lair:4   | Gained mutation: Your spells are a little easier to cast,
                  | but a little less powerful. [potion of mutation]
 57095 | Lair:4   | Gained mutation: You are partially covered in icy blue
                  | scales. (AC +2) [potion of mutation]
 57379 | Depths:1 | Entered Level 1 of the Depths
 57684 | Depths:1 | Found Qahes's Book Shop.
 57695 | Depths:1 | Bought Sif Muna's Catalogue of the Volcanoes and Protection
                  | for 1236 gold pieces
 57699 | Depths:1 | Learned a level 1 spell: Infusion
 57750 | Depths:1 | Reached skill level 1 in Charms
 57751 | Depths:1 | Found a gateway to Hell.
 57823 | Depths:1 | Reached XP level 21. HP: 165/186 MP: 33/33
 57911 | Depths:1 | Bought a book of Unlife for 1170 gold pieces
 57918 | Depths:1 | Learned a level 4 spell: Animate Dead
 58006 | Depths:1 | Reached skill level 1 in Necromancy
 58225 | Depths:1 | Learned a level 6 spell: Simulacrum
 58276 | Depths:1 | Learned a level 4 spell: Cause Fear
 58393 | Depths:1 | Noticed a juggernaut
 58413 | Depths:1 | Killed a juggernaut
 58684 | Depths:1 | Identified the ring of Siobiuleth {rN+ MR- Int+5 Dex+8
                  | Slay+2}
 58770 | Depths:1 | Got a crude tin ring
 59863 | Depths:2 | Received a gift from Okawaru
 59893 | Depths:1 | Identified the ring "Zyirish" {+Fly MP+9} (You found it on
                  | level 1 of the Depths)
 60452 | Depths:2 | Reached skill level 5 in Necromancy
 60973 | D:13     | Noticed Frances
 60996 | D:13     | Killed Frances
 60996 | D:13     | Received a gift from Okawaru
 61006 | D:13     | Got a scorched trident {god gift}
 61008 | D:13     | Identified the +1 trident of Classification {flame, rElec
                  | rF+++ rC- SInv} (Okawaru gifted it to you on level 13 of
                  | the Dungeon)
 61092 | D:13     | Found a gate to the Vaults.
 61927 | Depths:2 | Found a runed translucent gate.
 61927 | Depths:2 | Found a runed translucent gate.
 61927 | Depths:2 | Found a runed translucent gate.
 61928 | Depths:2 | Noticed Fukker's ghost (adept GrEE)
 62336 | Depths:2 | Received a gift from Okawaru
 62339 | Depths:2 | Got a faintly glowing trident {god gift}
 62340 | Depths:2 | Identified the +3 trident of Evolution {vamp, rC+ rN+ MR+
                  | Str+2} (Okawaru gifted it to you on level 2 of the Depths)
 63005 | Depths:2 | Killed Fukker's ghost
 63095 | Depths:2 | Reached XP level 22. HP: 194/194 MP: 34/34
 63153 | Depths:2 | Identified the ring "Gokeir" {Str+4 Dex+5 Stlth+} (You
                  | found it on level 2 of the Depths)
 63155 | Depths:2 | Identified the +0 helmet of Foolhardiness {rN+ Int+3 Dex+4}
                  | (You found it on level 2 of the Depths)
 63187 | Depths:2 | Got a coiled graven amulet
 63189 | Depths:2 | Identified the amulet "Logatom" {Faith Int-2 Dex+4} (You
                  | acquired it on level 2 of the Depths)
 63580 | Depths:3 | Noticed a juggernaut
 63622 | Depths:2 | Killed a juggernaut
 64234 | Depths:3 | Received a gift from Okawaru
 64255 | Depths:3 | Got a scorched ring mail {god gift}
 64268 | Depths:2 | Identified the +1 ring mail of the Kangaroo {rN+} (Okawaru
                  | gifted it to you on level 3 of the Depths)
 64378 | Depths:4 | Found a magical portal.
 64710 | WizLab   | Gained mutation: Armour fits poorly on your strangely
                  | shaped body. [a neqoxec]
 64908 | WizLab   | Got a vibrating granite ring
 64968 | WizLab   | Identified the ring "Qefyemp" {Fire rPois rN+ Str+4} (You
                  | found it in a wizard's laboratory)
 65141 | WizLab   | Noticed Cautub
 65361 | WizLab   | Found a burning altar of Makhleb.
 65375 | WizLab   | Killed Cautub the Hellbinder
 65410 | WizLab   | Identified the Grimoire of Evil and the Oath
 65425 | WizLab   | Found the cursed necklace of Bloodlust {*Rage +Rage MR++
                  | Int-3 Slay+6 *Curse}
 65429 | WizLab   | Identified the Tome of Summoning
 65451 | WizLab   | Got an ichor-stained cloak
 65462 | WizLab   | Identified the +0 cloak of the True Pharaoh {Str+2} (You
                  | found it in a wizard's laboratory)
 66642 | Depths:3 | Received a gift from Okawaru
 66930 | Depths:3 | Found Eridodgh's Distillery.
 66938 | Depths:3 | Bought a potion of heal wounds for 85 gold pieces
 67279 | Depths:3 | Received a gift from Okawaru
 67279 | Depths:3 | Reached XP level 23. HP: 199/199 MP: 36/36
 67399 | Depths:3 | Noticed Margery
 67418 | Depths:3 | Killed Margery
 67578 | Depths:3 | Found a one-way gate leading to the halls of Pandemonium.
 69334 | Depths:4 | Reached skill level 22 in Fighting
 69568 | Depths:3 | Reached skill level 1 in Translocations
 69725 | Depths:4 | Received a gift from Okawaru
 69726 | Depths:4 | Got a crystal longbow {god gift}
 69763 | Depths:3 | Got a polished spear {god gift}
 69764 | Depths:3 | Identified the +5 spear "Ejuraog" {drain, rF- rN+ MR+}
                  | (Okawaru gifted it to you on level 3 of the Depths)
 70013 | Depths:4 | HP: 5/202 [frost giant/bolt of cold (63)]
 70022 | Depths:3 | Killed from afar by a frost giant

Levels and vault maps discovered:
D:1:      dpeg_arrival_ternary, layout_basic
D:2:      layout_basic, marbit_many_paths, uniq_crazy_yiuf_cottage
D:3:      layout_rooms, grunt_temple_overflow_open
D:4:      layout_layer_cave, lemuel_crystal_altar, serial_shops, shop,
          first_ration, grunt_ministairs_9, chequers_serial_rivers_micro_a,
          tgw_sif, uniq_natasha, uniq_duvessa, uniq_grinder, uniq_robin
D:5:      layout_loops_ring, overflow_temple_1_default, basic_altar,
          elyvilon_altar_1, uniq_eustachio
D:6:      layout_gridville, lemuel_doored_altar
D:7:      layout_loops_corners, regret_index_temple_of_mockery,
          kennysheep_little_box, minmay_temple_entry_junction,
          uniq_prince_ribbit1, uniq_menkaure
D:8:      layout_basic, david_lair_shrubbed
D:9:      layout_rooms, overflow_temple_1_default, the_bakery
D:10:     layout_loops_corners
D:11:     layout_irregular_city, serial_column_ruins, column_ruins_square_small,
          column_ruins_hut, column_ruins_corridor_straight,
          column_ruins_corridor_straight, column_ruins_columns_dead_end,
          column_ruins_open_medium, column_ruins_open_medium
D:12:     layout_gridville, orc_0_dummy
D:13:     layout_long_grid, erik_vaults_2, enter_bailey_3, uniq_frances,
          uniq_erolcha, uniq_sonja
D:14:     layout_grid_maze, minmay_misc_feat_ornament, serial_shops,
          nicolae_shop_crystal, hellmonk_ghost_happy_afterlife
D:15:     grunt_enter_depths_magical_seal, layout_cross, basic_altar,
          chequers_serial_rivers_large_a, chequers_serial_rivers_large_b,
          uniq_nessos
Temple:   eino_temple_lava
Lair:1:   layout_roguey, basic_altar, beast_lair_carwin_5,
          infiniplex_staircase_pool
Lair:2:   gammafunk_lair_enchanted_lake, layout_regular_city, wad_woods_antlair
Lair:3:   layout_roguey, minmay_swamp_entry_worms
Lair:4:   statuecave_lemuel, layout_regular_city, guppyfry_snake_entry_island,
          beast_lair_carwin_3
Lair:5:   layout_cave_pods, infiniplex_staircase_pool_2
Lair:6:   hangedman_lair_tendril_chambers, layout_layer_cave, wormcave,
          nicolae_slime_entry_slimehenge
Swamp:1:  layout_basic_swamp, evilmike_swamp_ruin_rubble_1, swamp_pool3
Swamp:2:  layout_basic_swamp, nicolae_swamp_fairy_circle, uniq_jorgrun
Swamp:3:  layout_falls_marsh, evilmike_swamp_ruin_house_2, swamp_pool3,
          uniq_kirke, uniq_donald
Swamp:4:  swamp_old_school, layout_basic_swamp, swamp_pool1
Snake:1:  layout_concentric_octagons, st_stairs_11
Snake:2:  layout_chambers, serial_shops, nicolae_shop_statue_plus
Snake:3:  layout_rooms, minmay_shop_star, uniq_mara
Snake:4:  snake_pit, layout_basic, serial_bayou, serial_bayou_lake_a,
          serial_bayou_pond_b, serial_bayou_lagoon_a, uniq_aizul
Orc:1:    layout_caves, basic_altar, uniq_gastronok, uniq_urug, uniq_harold
Orc:2:    st_orc_open, layout_caves, uniq_rupert
Elf:1:    due_chaos_kobolds, layout_geoelf_octagon, serial_shops,
          nicolae_shop_overgrown_old_shop, portal_desolation_entry_ruin,
          basic_altar, minmay_elf_sorcery, minmay_crystal_room,
          lemuel_flamethrower_2
Elf:2:    layout_loops_cross
Elf:3:    elf_hall, layout_loops_cross
Depths:1: layout_twisted_cross, grunt_mini_vestibule,
          hangedman_abyss_or_decor_stagger, serial_shops, shop,
          minmay_misc_feat_tiny, minmay_evil_grid,
          infiniplex_staircase_pool_lava
Depths:2: hangedman_cross_stitches, layout_basic, hangedman_coc_ice_floe,
          minmay_misc_feat_square, gammafunk_ghost_tricky_traps,
          minmay_room_of_horrors
Depths:3: grunt_crosshair, layout_small_grid, minmay_misc_feat_more_columns,
          abyss_entry, rand_demon_pan_entry_1, serial_shops, nicolae_shop_trees,
          hell_entry, st_stairs_6, uniq_margery
Depths:4: minmay_the_grid_square_5x5_5x5_mashed
          [minmay_the_grid_square_5x5_comb,
          minmay_the_grid_square_5x5_bracketed, minmay_the_grid_square_5x5_plus,
          minmay_the_grid_square_5x5_misaligned,
          minmay_the_grid_square_5x5_minibox,
          minmay_the_grid_square_5x5_spiral_small,
          minmay_the_grid_square_5x5_prize_snowflake,
          minmay_the_grid_square_5x5_inner_v,
          minmay_the_grid_square_5x5_prize_deathbox,
          minmay_the_grid_square_5x5_six_small,
          minmay_the_grid_square_5x5_fancy_junction,
          minmay_the_grid_square_5x5_fat_x,
          minmay_the_grid_square_5x5_prize_rear_guard,
          minmay_the_grid_square_5x5_three,
          minmay_the_grid_square_5x5_sharp_hourglass,
          minmay_the_grid_square_5x5_eight_small,
          minmay_the_grid_square_5x5_prize_waves,
          minmay_the_grid_square_5x5_pentomino_r,
          minmay_the_grid_square_5x5_prize_pseudospiral,
          minmay_the_grid_square_5x5_shrine2, minmay_the_grid_square_5x5_n,
          minmay_the_grid_square_5x5_intrusive_squares,
          minmay_the_grid_square_5x5_detours,
          minmay_the_grid_square_5x5_inverted_slash,
          minmay_the_grid_square_5x5_corner], layout_honeycomb,
          enter_ziggurat_d, marbit_kobold_abyss_entry, hell_entry, serial_shops,
          shop, mu_enter_wizlab_1, uniq_boris

Skill      XL: |  1  2  3  4  5  6  7  8  9 10 11 12 13 14 15 16 17 18 19 20 21 22 23 |
---------------+----------------------------------------------------------------------+-----
Polearms       | 5 6 8 10 14 | 14.0
Spellcasting   | 2 3 4 5 |  5.1
Summonings     | 1 3 |  3.6
Hexes          | 1 3 6 |  6.8
Fighting       | 4 7 8 9 10 14 15 16 18 21 22 | 22.3
Armour         | 3 4 5 |  5.8
Dodging        | 10 11 13 15 18 20 | 20.2
Poison Magic   | 3 |  3.5
Conjurations   | 1 |  1.0
Air Magic      | 1 2 |  2.4
Shields        | 5 11 14 15 16 17 20 | 20.5
Invocations    | 2 5 |  5.0
Evocations     | 4 10 13 | 13.0
Charms         | 2 3 |  3.1
Necromancy     | 7 |  7.0
Translocations | 2 |  2.2
Throwing       | |  2.0

Action                   |  1- 3 |  4- 6 |  7- 9 | 10-12 | 13-15 | 16-18 | 19-21 | 22-24 || total
-------------------------+-------+-------+-------+-------+-------+-------+-------+-------++-------
Melee: Trident           |   108 |   106 |   492 |  1196 |    20 |       |    34 |       ||  1956
       Staff             |       |       |     2 |       |       |       |       |       ||     2
       Tailslap          |       |       |       |    12 |    10 |   101 |     4 |       ||   127
       Punch             |       |       |       |     2 |       |       |       |       ||     2
       Spear             |       |       |       |   152 |   470 |       |       |       ||   622
       Demon trident     |       |       |       |       |  1455 |  1757 |  1864 |   998 ||  6074
Throw: Dart              |     6 |    13 |    46 |    46 |    24 |       |     4 |     3 ||   142
       Throwing net      |       |       |       |       |     3 |       |       |       ||     3
 Cast: Call Imp          |       |     9 |    65 |   137 |    23 |     1 |       |       ||   235
       Blink             |       |     1 |       |     1 |       |       |       |     3 ||     5
       Slow              |       |       |       |     3 |       |       |       |       ||     3
       Mephitic Cloud    |       |       |       |     4 |     8 |       |     2 |       ||    14
       Confusing Touch   |       |       |       |       |    24 |     8 |    26 |    13 ||    71
       Confuse           |       |       |       |       |     7 |     7 |       |     1 ||    15
       Leda's Liquefacti |       |       |       |       |     1 |       |       |       ||     1
       Infusion          |       |       |       |       |       |       |     5 |       ||     5
       Animate Dead      |       |       |       |       |       |       |     4 |    23 ||    27
Invok: Heroism           |       |       |       |     4 |     4 |     2 |     5 |     5 ||    20
       Finesse           |       |       |       |     1 |     1 |     1 |     3 |     2 ||     8
 Abil: Evoke Invisibilit |       |       |       |       |       |     2 |    26 |     3 ||    31
Evoke: Wand              |       |       |       |       |       |    10 |     1 |       ||    11
       Box of beasts     |       |       |       |       |       |     2 |       |       ||     2
       Lightning rod     |       |       |       |       |       |       |    14 |     3 ||    17
       Phantom mirror    |       |       |       |       |       |       |     1 |       ||     1
  Use: Potion            |       |     1 |     2 |     5 |     1 |       |     6 |     1 ||    16
       Scroll            |       |       |    17 |    22 |    13 |    17 |    17 |     9 ||    95
 Stab: Sleeping          |     2 |     2 |     2 |     1 |     1 |     3 |     4 |       ||    15
       Distracted        |       |       |       |    14 |     2 |       |     1 |     1 ||    18
       Confused          |       |       |       |     1 |    20 |     6 |    27 |    12 ||    66
       Invisible         |       |       |       |       |       |     1 |    41 |     5 ||    47
  Eat: Chunk             |     1 |     7 |    20 |    31 |    36 |    17 |    18 |    11 ||   141
       Ration            |       |     1 |     3 |     4 |     3 |     7 |    12 |     5 ||    35
Armor: Leather armour    |    25 |    20 |    66 |       |       |       |       |       ||   111
       Ring mail         |       |       |    42 |    60 |       |       |       |       ||   102
       Troll leather arm |       |       |       |   173 |   159 |   129 |   132 |    93 ||   686
       Chain mail        |       |       |       |       |       |     4 |       |       ||     4
Dodge: Dodged            |    55 |    78 |   318 |   663 |   727 |   863 |   721 |   578 ||  4003
Block: Other             |       |       |       |    47 |       |       |       |       ||    47
       Reflection        |       |       |       |     8 |       |       |       |       ||     8
       Shield            |       |       |       |   109 |  1001 |   926 |   894 |   730 ||  3660
